 Dungeon Crawl Stone Soup version 0.19.4-8-ga85b6b9 (webtiles) character file.

133 winWinterter the Shield-Bearer (level 5, -9/42 HPs)
             Began as a Formicid Fighter on Feb 13, 2017.
             Killed by divine providence
             ... invoked by an orc priest
              (13 damage)
             ... on level 3 of the Dungeon.
             The game lasted 00:03:25 (2645 turns).

winWinterter the Shield-Bearer (Formicid Fighter)   Turns: 2645, Time: 00:03:26

Health: -9/42      AC:  8    Str: 22    XL:     5   Next: 39%
Magic:  5/5        EV:  8    Int:  7    God:
Gold:   197        SH:  9    Dex: 10    Spells: 0 memorised, 4 levels left

rFire  . . .     SeeInvis +     a - +0 long sword
rCold  . . .     Gourm    .     b - +0 scale mail
rNeg   . . .     Faith    .     c - +0 shield
rPois  .         Spirit   .     (helmet unavailable)
rElec  .         Reflect  .     (no cloak)
rCorr  +         Harm     .     (no gloves)
MR     .....                    u - +0 pair of boots
Stlth  ..........               r - amulet of magic regeneration
                                (no ring)
                                q - ring of resist corrosion

@: no status effects
A: permanent stasis, dig shafts and tunnels, four strong arms, antennae 3
a: Dig, Shaft Self


You were on level 3 of the Dungeon.
You were not hungry.

You visited 1 branch of the dungeon, and saw 3 of its levels.

You collected 197 gold pieces.

Inventory:

Hand Weapons
 a - a +0 long sword (weapon)
Armour
 b - a +0 scale mail (worn)
 c - a +0 shield (worn)
 u - a +0 pair of boots (worn)
Jewellery
 q - a ring of resist corrosion (left hand)
 r - an amulet of magic regeneration (around neck)
Scrolls
 g - a scroll of teleportation
 i - a scroll of amnesia
 j - 2 scrolls of identify
 o - a scroll of remove curse
Potions
 d - 2 potions of might
 h - 2 potions of resistance
 k - 4 potions of curing
Comestibles
 f - 3 bread rations
 l - 2 fruits
 m - 3 meat rations
 v - a beef jerky
 x - 3 chunks of flesh


   Skills:
 * Level 3.8 Fighting
 * Level 3.9 Long Blades
 + Level 3.7 Armour
 + Level 0.6 Dodging
 + Level 4.3 Shields


You had 4 spell levels left.
You didn't know any spells.

Dungeon Overview and Level Annotations

Branches:
Dungeon (3/15)

Altars:
Fedhas
Ru
Vehumet
Xom
Zin


Innate Abilities, Weirdness & Mutations

You are under a permanent stasis effect.
You can dig through walls and to a lower floor.
Your four strong arms can wield two-handed weapons with a shield.
You have a pair of large antennae on your head. (SInv)


Message History

The orc priest hits you but does no damage.
The orc wizard hits you but does no damage.
Unknown command.
You barely miss the orc priest.
The orc priest is severely wounded.
The orc priest invokes the aid of Beogh against you.
Pain shoots through your body!
* * * LOW HITPOINT WARNING * * *
You block the orc wizard's attack. The orc priest hits you with a club.
* * * LOW HITPOINT WARNING * * *
The orc wizard gestures at you while chanting.
The magic dart hits you!
* * * LOW HITPOINT WARNING * * *
You hit the orc priest.
The orc priest is almost dead.
The orc wizard gestures wildly while chanting.
The orc wizard blinks!
The orc priest invokes the aid of Beogh against you.
Beogh smites you!
You die...

..# ....# ..# ..$.# [.# ....#
'######## ....+ ........#
############....###
#.......#####........(o.o.....%
'.......'.......###############
#.......#####.#ยง#.##########
...(......)....o@)........>#
#############.#..###.#.#####
#.##o# #.#.# #.##.###.#.#
###.##..##.#.##########
#......................
#^...##.###............ ##
#....##.###............
#.......##..###.###.......


You could see an orc priest and an orc wizard.

Vanquished Creatures
  Ijyb (D:3)
  5 adders
  2 worms
  A dart slug (D:1)
  3 orcs (D:3)
  4 bats
  3 giant cockroaches
  3 hobgoblins (D:2)
  6 jackals
  7 kobolds
  4 frilled lizards
  8 goblins
  8 rats
55 creatures vanquished.

Notes
Turn   | Place    | Note
-------+----------+-------------------------------------------
     0 | D:1      | winWinterter the Formicid Fighter began the quest for the Orb.
     0 | D:1      | Reached XP level 1. HP: 18/18 MP: 1/1
    55 | D:1      | Reached XP level 2. HP: 7/24 MP: 2/2
   920 | D:1      | Reached XP level 3. HP: 29/29 MP: 3/3
  1081 | D:2      | Found a sacrificial altar of Ru.
  1090 | D:2      | Noticed an angel
  1091 | D:2      | Found a shimmering altar of Xom.
  1092 | D:2      | Found a glowing silver altar of Zin.
  1132 | D:2      | Found a radiant altar of Vehumet.
  1266 | D:2      | Reached skill level 4 in Shields
  1283 | D:2      | Reached XP level 4. HP: 16/35 MP: 4/4
  1884 | D:2      | Found a blossoming altar of Fedhas.
  2365 | D:3      | Reached XP level 5. HP: 41/42 MP: 5/5
  2370 | D:3      | Noticed Ijyb
  2385 | D:3      | Killed Ijyb
  2645 | D:3      | Killed from afar by an orc priest

Skill      XL: |  1  2  3 |
---------------+----------+-----
Long Blades    | 3 |  3.9
Shields        | 4 |  4.3
Fighting       | |  3.8
Armour         | |  3.7
Dodging        | |  0.6

Action                   |  1- 3 |  4- 6 || total
-------------------------+-------+-------++-------
Melee: Long sword        |    90 |   125 ||   215
 Abil: Dig               |       |     1 ||     1
  Use: Potion            |       |     7 ||     7
       Scroll            |       |     4 ||     4
  Eat: Chunk             |       |     4 ||     4
       Fruit             |       |     2 ||     2
Armor: Scale mail        |    48 |    53 ||   101
Dodge: Dodged            |    39 |    38 ||    77
Block: Shield            |    65 |    62 ||   127
       Rpst.: Long sword |    13 |    16 ||    29
